 Dungeon Crawl Stone Soup version 0.19.0 (webtiles) character file.

3820 Danakh the Cleaver (level 9, -5/72 HPs)
             Began as a Demonspawn Fighter on Nov 13, 2016.
             Slain by an ogre
             ... wielding a +0 giant spiked club
              (21 damage)
             ... on level 7 of the Dungeon.
             The game lasted 00:20:14 (7640 turns).

Danakh the Cleaver (Demonspawn Fighter)             Turns: 7640, Time: 00:20:14

Health: -5/72      AC:  9    Str: 18    XL:     9   Next: 97%
Magic:  9/9        EV:  7    Int: 10    God:
Gold:   337        SH: 16    Dex: 12    Spells: 0 memorised, 8 levels left

rFire  . . .     SeeInvis .     a - +1 war axe
rCold  . . .     Gourm    .     G - +0 plate armour
rNeg   . . .     Faith    .     c - +0 shield
rPois  .         Spirit   .     (helmet restricted)
rElec  .         Reflect  +     A - +0 cloak
rCorr  +         Harm     .     (no gloves)
MR     +....                    (no boots)
Stlth  ..........               l - +6 amulet of reflection
                                t - ring of resist corrosion
                                i - ring of protection from magic

@: no status effects
A: antennae 1, claws 1, hooves 1, repulsion field 2, deformed body, powered by
pain 1, weak 1, rot immunity
a: no special abilities


You were on level 7 of the Dungeon.
You were not hungry.

You visited 1 branch of the dungeon, and saw 7 of its levels.
You also visited: Ossuary.

You collected 337 gold pieces.

Inventory:

Hand Weapons
 a - a +1 war axe (weapon)
Armour
 c - a +0 shield (worn)
 A - a +0 cloak (worn)
 G - a +0 plate armour (worn)
Jewellery
 i - a ring of protection from magic (left claw)
 l - a +6 amulet of reflection (around neck)
 t - a ring of resist corrosion (right claw)
 v - an uncursed ring of protection from magic
 x - an uncursed ring of fire
 B - an uncursed amulet of harm {unknown}
Wands
 C - a wand of slowing (13/48)
Scrolls
 e - 2 scrolls of noise {unknown}
 h - 3 scrolls of fog
 k - 2 scrolls of fear
 m - 2 scrolls of identify
 n - a scroll of enchant weapon
 u - a scroll of amnesia
 y - 2 scrolls of magic mapping
 z - a scroll of silence {unknown}
 D - a scroll of summoning {unknown}
 E - a scroll of blinking
Potions
 d - a potion of might
 g - 2 potions of agility
 j - 11 potions of curing
 o - 3 potions of heal wounds
 p - 2 potions of flight
 q - a potion of mutation
 r - a potion of cancellation
 F - a potion of ambrosia {unknown}
Comestibles
 b - a beef jerky
 f - 5 bread rations
 s - 3 meat rations


   Skills:
 + Level 7.3 Fighting
 * Level 8.4 Axes
 + Level 6.4 Armour
 + Level 6.5 Shields


You had 8 spell levels left.
You didn't know any spells.

Dungeon Overview and Level Annotations

Branches:
Dungeon (7/15)             Temple (0/1) D:7

Altars:
Ashenzari
Cheibriados
Elyvilon
Gozag
Hepliaklqana
Makhleb
Trog
Vehumet
Xom
Yredelemnul
Zin


Innate Abilities, Weirdness & Mutations

You have sharp fingernails.
You are surrounded by a moderate repulsion field. (EV +3)
You sometimes gain a little power by taking damage.
You are immune to rotting.
You have a pair of small antennae on your head.
You have large cloven feet.
Armour fits poorly on your strangely shaped body.
You are weak. (Str -2)


Message History

The ogre hits you with a giant spiked club!
* * * LOW HITPOINT WARNING * * *
You are too injured to fight recklessly!
You are too injured to fight recklessly!
You hit the ogre. Your kick misses the ogre.
The ogre is lightly wounded.
You block the ogre's attack.
Your shield prevents you from hitting the ogre.
The ogre is lightly wounded.
You block the ogre's attack.
Your plate armour prevents you from hitting the ogre.
Your kick misses the ogre.
The ogre is lightly wounded.
You block the ogre's attack.
You slash the ogre! You kick the ogre, but do no damage.
The ogre is severely wounded.
You barely miss the ogre. You kick the ogre, but do no damage.
The ogre is severely wounded.
The ogre hits you with a giant spiked club!!
You die...

..## ##.....# ##.##
##.###.###.##
##.##### ....#.##
#.# #......#
####.## #+#
#..###.# # ### ...
#..# #.# ## ....
##..###.# |## .....
##.....#.# ..####
......####........#
.....+
..."..O@......#.###
..####
......####...##.#
..### ...=.
##.###.## ....#
.... #......# ###.#
... #.###≈.# . #.#
#+# #.# #..#
#.#.######.#
#.###..#
#.#......#.#
#.##...#
.....###.#.##
#.##.#.#


You could see an ogre.

Vanquished Creatures
  Pikel (D:7)
  The ghost of braincell the Cleaver, a novice MiBe of Trog (D:5)
  Duvessa (D:6)
  An orc warrior (D:6)
  2 phantoms
  3 slaves (D:7)
  A necrophage (D:7)
  3 sky beasts
  A centaur (D:7)
  4 ogres
  3 elf zombies (Ossuary)
  Dowan (D:6)
  2 scorpions (D:5)
  A howler monkey (D:4)
  2 centaur zombies (D:7)
  4 crimson imps
  4 orc priests
  5 hounds
  A human zombie (Ossuary)
  3 jellies
  A gnoll shaman (D:5)
  A bullfrog skeleton (D:7)
  Crazy Yiuf (D:5)
  2 iguanas
  6 orc wizards
  6 worker ants
  A big kobold zombie (Ossuary)
  A hound skeleton (D:6)
  3 mummies
  9 adders
  6 gnolls
  A howler monkey skeleton (D:4)
  An ooze (D:2)
  An adder zombie (Ossuary)
  A worm (D:2)
  A dart slug (D:2)
  3 leopard geckos
  19 orcs
  9 bats
  7 giant cockroaches
  9 goblins
  6 hobgoblins (D:3)
  6 jackals
  7 kobolds
  3 quokkas
  6 frilled lizards
  2 gnoll zombies (D:5)
  A goblin zombie (Ossuary)
  13 hobgoblin zombies (Ossuary)
  A jackal skeleton (D:5)
  5 kobold zombies (Ossuary)
  9 orc zombies (Ossuary)
  6 rats
  2 rat zombies (Ossuary)
200 creatures vanquished.

Vanquished Creatures (others)
  2 centaurs (D:7)
2 creatures vanquished.

Grand Total: 202 creatures vanquished

Notes
Turn   | Place    | Note
-------+----------+-------------------------------------------
     0 | D:1      | Danakh the Demonspawn Fighter began the quest for the Orb.
     0 | D:1      | Reached XP level 1. HP: 18/18 MP: 1/1
   125 | D:1      | Reached skill level 2 in Axes
   299 | D:1      | Gained mutation: You have sharp fingernails. [demonic ancestry]
   299 | D:1      | Reached XP level 2. HP: 24/24 MP: 2/2
   759 | D:2      | Reached XP level 3. HP: 28/29 MP: 3/3
   780 | D:2      | Found a glowing silver altar of Zin.
  1001 | D:2      | Reached XP level 4. HP: 29/35 MP: 4/4
  1221 | D:2      | Found a radiant altar of Vehumet.
  1222 | D:2      | Found an opulent altar of Gozag.
  1256 | D:3      | Reached skill level 3 in Axes
  1258 | D:3      | Reached XP level 5. HP: 28/42 MP: 5/5
  1300 | D:3      | HP: 2/42 [poisoned by an adder]
  1425 | D:3      | Found a hazy altar of Hepliaklqana.
  2192 | D:3      | Found a burning altar of Makhleb.
  2217 | D:3      | Gained mutation: You sometimes gain a little power by taking damage. [demonic ancestry]
  2217 | D:3      | Reached XP level 6. HP: 41/48 MP: 6/6
  2586 | D:3      | You fall through a shaft for 3 floors!
  2652 | D:6      | Noticed Dowan
  2654 | D:6      | Noticed Duvessa
  2669 | D:6      | Killed Duvessa
  2669 | D:6      | Reached skill level 4 in Axes
  2669 | D:6      | Killed Dowan
  2837 | D:5      | Entered Level 5 of the Dungeon
  2865 | D:5      | Noticed braincell's ghost (novice MiBe)
  2874 | D:5      | Gained mutation: You are surrounded by a mild repulsion field. (EV +2) [demonic ancestry]
  2874 | D:5      | Reached XP level 7. HP: 52/55 MP: 7/7
  3192 | D:5      | Found a sand-covered staircase.
  3201 | Ossuary  | Entered an ossuary
  3386 | Ossuary  | Reached skill level 5 in Fighting
  3386 | Ossuary  | Reached skill level 5 in Axes
  3703 | D:5      | Killed braincell's ghost
  3703 | D:5      | Reached XP level 8. HP: 37/63 MP: 8/8
  3723 | D:5      | Reached skill level 5 in Shields
  3988 | D:4      | Reached skill level 6 in Axes
  4076 | D:4      | Found a shimmering altar of Xom.
  4181 | D:4      | Reached skill level 5 in Armour
  4508 | D:5      | Found a basalt altar of Yredelemnul.
  4742 | D:5      | Found a runed door.
  4863 | D:5      | Noticed Crazy Yiuf
  4868 | D:5      | Killed Crazy Yiuf
  5063 | D:6      | Found a bloodstained altar of Trog.
  5065 | D:6      | Found a shattered altar of Ashenzari.
  5080 | D:6      | Gained mutation: You are immune to rotting. [demonic ancestry]
  5080 | D:6      | Reached XP level 9. HP: 70/70 MP: 9/9
  5265 | D:6      | Reached skill level 7 in Axes
  5442 | D:6      | Gained mutation: Armour fits poorly on your strangely shaped body. [mutagenic meat]
  5443 | D:6      | Gained mutation: You have a pair of small antennae on your head. [mutagenic meat]
  5444 | D:6      | Gained mutation: You have large cloven feet. [mutagenic meat]
  5445 | D:6      | Gained mutation: You are weak. (Str -2) [mutagenic meat]
  5446 | D:6      | Gained mutation: You are surrounded by a moderate repulsion field. (EV +3) [mutagenic meat]
  6026 | D:6      | Found a snail-covered altar of Cheibriados.
  7022 | D:7      | Noticed Pikel
  7038 | D:7      | Killed Pikel
  7266 | D:7      | Found a staircase to the Ecumenical Temple.
  7299 | D:7      | Reached skill level 8 in Axes
  7514 | D:7      | Found a white marble altar of Elyvilon.
  7640 | D:7      | Slain by an ogre

Skill      XL: |  1  2  3  4  5  6  7  8  9 |
---------------+----------------------------+-----
Axes           | 2 3 4 5 6 8 |  8.4
Shields        | 3 4 5 6 |  6.5
Armour         | 3 4 5 6 |  6.4
Fighting       | 4 5 6 7 |  7.3

Action                   |  1- 3 |  4- 6 |  7- 9 || total
-------------------------+-------+-------+-------++-------
Melee: War axe           |    99 |   197 |   505 ||   801
       Kick              |       |       |    48 ||    48
  Use: Scroll            |       |    10 |     5 ||    15
  Eat: Chunk             |     1 |     6 |    14 ||    21
       Fruit             |       |       |     2 ||     2
       Meat ration       |       |       |     1 ||     1
Armor: Scale mail        |    47 |    68 |       ||   115
       Chain mail        |       |    11 |   107 ||   118
       Plate armour      |       |       |    53 ||    53
Dodge: Dodged            |    36 |    56 |   112 ||   204
Block: Shield            |    61 |   127 |   420 ||   608
       Reflection        |       |       |    11 ||    11
